 Dungeon Crawl Stone Soup version 0.32-a0-13-gbaedc5810e (webtiles) character file.

Game seed: 1595883658848979594

66432 Colgate the Thaumaturge (level 15, -5/115 HPs)
             Began as a Gnoll Summoner on Jan 15, 2024.
             Was an Initiate of Yredelemnul.
             Constricted to death by Jorgrun (8 damage)
             ... on level 14 of the Dungeon.
             The game lasted 03:08:14 (32787 turns).

Colgate the Thaumaturge (Gnoll Summoner)           Turns: 32787, Time: 03:08:14

Health: -5/115     AC: 20    Str: 11      XL:     15   Next: 19%
Magic:  23/30      EV: 13    Int: 26 (27) God:    Yredelemnul [......]
Gold:   1017       SH:  0    Dex: 16      Spells: 11/36 levels left

rFire   + . .        b - +5 Force Lance {heavy, knockback}
rCold   + + .        (no shield)
rNeg    . . .        F - +0 swamp dragon scales
rPois   +            I - +2 helmet {Int+3}
rElec   .            r - scarf of Sorcery {rC+ rF+, *Slow Will++ Dex+2 Slay+6}
rCorr   .            d - +2 pair of gloves
SInv    +            A - +2 pair of boots
Will    ++++.        R - amulet of faith
Stlth   +++++        w - ring of False Pretenses {rC+ Dex+3 SInv Stlth+}
HPRegen 0.39/turn    i - ring of willpower
MPRegen 0.22/turn

%: slow self (1%), faith
@: grasped by roots, unable to call your familiar, constricted
A: fangs 1, strong nose, distributed training, clever 1, deterioration 1, strong
1
a: Renounce Religion, Recall Undead Harvest


You were on level 14 of the Dungeon.
You worshipped Yredelemnul.
Yredelemnul was aware of your devotion.
You visited 4 branches of the dungeon, and saw 22 of its levels.

You collected 4575 gold pieces.
You spent 3558 gold pieces at shops.

Inventory:

Hand Weapons
 a - the +7 dagger of Jiwauh Zyxt {heavy, rElec Int+5}
   (You found it on level 2 of the Dungeon)

   Int+5:     It affects your intelligence (+5).
   rElec:     It insulates you from electricity.
 b - the +5 Force Lance (weapon) {heavy, knockback}
   (You found it on level 12 of the Dungeon)
 E - a +0 heavy long sword
 M - the +8 morningstar of Doeneure {protect, Dex+4 Stlth+}
   (You bought it in a shop on level 7 of the Dungeon)

   Dex+4:     It affects your dexterity (+4).
   Stlth+:    It makes you more stealthy.
 S - a +5 great sword
 X - a +2 battleaxe
Missiles
 x - a throwing net {!f}
 C - 4 silver javelins
 N - 4 curare-tipped darts
Armour
 d - a +2 pair of gloves (worn)
 r - the scarf of Sorcery (worn) {rC+ rF+, *Slow Will++ Dex+2 Slay+6}
   (You found it on level 3 of the Dungeon)

   Dex+2:     It affects your dexterity (+2).
   Slay+6:    It affects your accuracy & damage with ranged weapons and melee
   (+6).
   Will++:    It greatly increases your willpower.
   *Slow:     It may slow you when you take damage.
 A - a +2 pair of boots (worn)
 F - +0 swamp dragon scales (worn)
 I - a +2 helmet of intelligence (worn)
Jewellery
 i - a ring of willpower (right hand)
 k - a ring of flight
 t - a ring of wizardry
 w - the ring of False Pretenses (left hand) {rC+ Dex+3 SInv Stlth+}
   (You acquired it on level 9 of the Dungeon)

   [ring of see invisible]

   Dex+3:     It affects your dexterity (+3).
   rC+:       It protects you from cold.
   SInv:      It lets you see invisible.
   Stlth+:    It makes you more stealthy.
 Q - a ring of poison resistance
 R - an amulet of faith (around neck)
 Z - a ring of protection from cold
Wands
 f - a wand of flame (17)
 z - a wand of charming (9)
 G - a wand of digging (3) {@v3}
 H - a wand of mindburst (13)
 K - a wand of light (16) {@v1}
 V - a wand of roots (14) {@v2}
 W - a wand of polymorph (11)
Scrolls
 g - a scroll of fog
 j - 3 scrolls of blinking {@r4}
 l - 4 scrolls of revelation
 n - a scroll of silence
 p - 4 scrolls of vulnerability
 s - 5 scrolls of teleportation {@r3}
 v - 3 scrolls of summoning
 B - a scroll of fear
 J - 3 scrolls of poison {unknown}
Potions
 c - a potion of brilliance
 e - 8 potions of curing {@q1}
 h - 2 potions of resistance {@q5}
 m - 2 potions of lignification
 o - 2 potions of enlightenment
 q - 6 potions of attraction
 u - a potion of ambrosia
 y - 2 potions of magic
 D - a potion of invisibility {unknown}
 L - a potion of cancellation {unknown}
 O - 3 potions of haste {@q4}
 T - 3 potions of might {@q3}
Miscellaneous
 P - a condenser vane
 U - a phial of floods
 Y - a lightning rod (4/4)


   Skills:
 + Level 10.2 Fighting
 + Level 10.2 Short Blades
 + Level 10.2 Long Blades
 + Level 10.2 Axes
 + Level 10.2 Maces & Flails
 + Level 10.2 Polearms
 + Level 10.2 Staves
 + Level 10.2 Ranged Weapons
 + Level 10.2 Throwing
 + Level 10.2 Armour
 + Level 11.2 Dodging
 + Level 11.1 Stealth
 + Level 10.2 Shields
 + Level 10.2 Unarmed Combat
 + Level 11.4 Spellcasting
 + Level 8.6 Conjurations
 + Level 8.6 Hexes
 + Level 11.1 Summonings
 + Level 8.6 Necromancy
 + Level 8.6 Translocations
 + Level 8.6 Fire Magic
 + Level 8.6 Ice Magic
 + Level 8.6 Air Magic
 + Level 8.6 Earth Magic
 + Level 8.6 Alchemy
 + Level 11.1 Invocations
 + Level 10.2 Evocations
 + Level 9.4 Shapeshifting


You had 11 spell levels left.
You knew the following spells:

 Your Spells              Type           Power      Damage    Failure   Level
a - Summon Small Mammal   Summ           100%       N/A       1%          1
b - Blink                 Tloc           100%       N/A       1%          2
c - Call Canine Familiar  Summ           64%        N/A       1%          3
d - Summon Blazeheart Go  Fire/Summ      60%        N/A       1%          4
e - Summon Lightning Spi  Summ/Air       60%        N/A       1%          4
f - Dispel Undead         Necr           56%        3d20      2%          4
g - Gell's Gravitas       Tloc           56%        N/A       1%          3
h - Animate Armour        Summ/Erth      100%       N/A       1%          4

Your spell library contained the following spells:

 Spells                   Type           Power      Damage    Failure   Level
 Kiss of Death            Conj/Necr      100%       2d13      1%          1
 Slow                     Hex            100%       N/A       1%          1
 Call Imp                 Summ           100%       N/A       1%          2
 Lesser Beckoning         Tloc           100%       N/A       1%          2
 Momentum Strike          Conj/Tloc      100%       3d10      1%          2
 Confusing Touch          Hex            56%        N/A       1%          3
 Sigil of Binding         Hex            56%        N/A       1%          3
 Stone Arrow              Conj/Erth      100%       3d13      1%          3
 Teleport Other           Tloc           56%        N/A       1%          3
 Vampiric Draining        Necr           56%        2d10      1%          3
 Brom's Barrelling Bould  Conj/Erth      56%        2d7       2%          4
 Fireball                 Conj/Fire      28%        3d12      6%          5
 Iskenderun's Battlesphe  Conj           56%        2d11      6%          5
 Bombard                  Conj/Erth      28%        9d5       34%         6
 Conjure Ball Lightning   Conj/Air       28%        3x3d8     34%         6
 Dispersal                Tloc           28%        N/A       34%         6
 Haunt                    Necr/Summ      30%        N/A       75%         7
 Spellforged Servitor     Conj/Summ      30%        N/A       75%         7
 Orb of Destruction       Conj           28%        9d9       89%         7
 Infestation              Necr           28%        N/A       100%        8
 Lehudib's Crystal Spear  Conj/Erth      28%        10d7      100%        8
 Animate Dead             Necr           Unusable   N/A       N/A         4

Dungeon Overview and Level Annotations

Branches:
Dungeon (14/15)            Temple (1/1) D:4            Lair (5/5) D:9
 Shoals (0/4) Lair:2       Spider (0/4) Lair:2        Slime (0/5) Lair:5
    Orc (2/2) D:10            Elf (0/3) Orc:2
 Vaults: D:13-14

Altars:
Ashenzari
Cheibriados
Dithmenos
Elyvilon
Fedhas
Gozag
Hepliaklqana
Kikubaaqudgha
Makhleb
Nemelex Xobeh
Okawaru
Qazlal
Ru
Sif Muna
Trog
Uskayaw
Vehumet
Wu Jian
Xom
Yredelemnul
Zin
The Shining One
Jiyva

Shops:
D:7 (   D:9 [   D:13 *   Orc:2 (!**

Annotations:
D:1 kallion takana juttuja
D:2 jackal
D:5 hound
D:10 warg
D:14 Jorgrun
Lair:4 wolf, exclusion: 3 wolves


Innate Abilities, Weirdness & Mutations

You have very sharp teeth.
Your uncanny sense of smell can sniff out nearby items.
Your experience applies equally to all skills.
Your mind is acute. (Int +4, Str/Dex -1)
Your body sometimes deteriorates upon taking damage.
Your muscles are strong. (Str +4, Int/Dex -1)


Message History

Reach: b) +5 Force Lance {heavy, knockback}
Press: ? - help, Dir - move target, f - brown ugly thing, p - efreet
Aim: a brown ugly thing (moderately wounded, about 23% to evade the +5 Force Lance)
You impale the brown ugly thing!!
The brown ugly thing engulfs you but does no damage.
Reach: b) +5 Force Lance {heavy, knockback}
Press: ? - help, Dir - move target, f/p - brown ugly thing
Aim: a brown ugly thing (severely wounded, about 23% to evade the +5 Force Lance)
You puncture the brown ugly thing! You bite the brown ugly thing.
Your inugami hits the efreet but does no damage.
The efreet hits your inugami but does no damage.
A brown ugly thing comes into view.
The brown ugly thing engulfs you.
You are splashed with acid!
* * * LOW HITPOINT WARNING * * *
Reach: b) +5 Force Lance {heavy, knockback}
Press: ? - help, Dir - move target, f/p - brown ugly thing
Aim: a brown ugly thing (almost dead, about 23% to evade the +5 Force Lance)
You hit the brown ugly thing.
The brown ugly thing is knocked back by the blow.
Your inugami hits the efreet!
The efreet hits your inugami but does no damage.
Jorgrun casts a spell at you. The iron shot hits you!!
* * * LOW HITPOINT WARNING * * *
Your inugami closely misses Jorgrun.
Something hits your inugami but does no damage.
Jorgrun casts a spell next to you.
The wall shatters!
The blast of rock fragments hits you!
* * * LOW HITPOINT WARNING * * *
Your body deteriorates!
You feel dopey.
The brown ugly thing headbutts your inugami!
Your inugami dies!
Your inugami disappears in a puff of smoke!
You see here the +0 mask of the Dragon {Will+ Slay+3 SInv}.
Jorgrun casts a spell at you.
Roots burst forth from the earth!
The grasping roots grab you! The grasping roots constrict you!
You die...
Your body rises from the dead as a mindless zombie.

.........○..####
#.....u☼○.......
#.####uR###..##.# #..#
#.###.#..##. ##g#
#.##........ #[#
#.##........ #u# #.
#....... #.# #.##....(
#@# #.##...#
######.###.##..##
#..........<....# ∆ ∆ #
...#....###(#...## # ..
... ##.### #.#....#.#...
#...#..#####.##.........
#............##.........
#.##.#######............
#. ###..........


You could see Jorgrun, 3 ugly things and an efreet.

Vanquished Creatures
  The ghost of capka3m the Mimic, a journeyman TrSh of Cheibriados (Lair:5)
  The ghost of Rankomyk the Carver, a journeyman VSEn of Uskayaw (Lair:4)
  3 hydras
  A two-headed ogre (D:11)
  A boulder beetle (D:11)
  A death yak (D:9)
  A centaur warrior (D:12)
  2 skysharks
  The ghost of paps the Cudgeller, a novice GrDe of Gozag (D:6)
  An ugly thing (D:13)
  4 manticores
  Maurice (D:9)
  A cyclops (D:11)
  3 black mambas
  2 kobold blastminers
  An eye of devastation (Lair:5)
  4 torpor snails
  7 cane toads
  A gargoyle (D:13)
  A kobold demonologist (D:11)
  Maggie (D:6)
  3 rime drakes
  2 komodo dragons
  Psyche (D:9)
  3 trolls
  2 tyrant leeches (Lair:5)
  2 hornets (Lair:5)
  11 blink frogs
  A polar bear (Lair:5)
  2 slime creatures (D:12)
  A shadow (D:12)
  3 wraiths
  3 wyverns
  8 yaks
  A fire elemental (Lair:1)
  A basilisk (Lair:4)
  A steam dragon (D:9)
  A death yak simulacrum (Lair:4)
  An acid dragon (D:11)
  4 vampire mosquitoes (D:11)
  6 water moccasins
  8 orc warriors
  A sky beast (D:8)
  2 ogres
  6 centaurs
  9 bullfrogs
  6 scorpions
  A water moccasin zombie (Lair:2)
  4 wights (D:10)
  3 howler monkeys
  4 electric eels
  A centaur zombie (D:13)
  3 hounds
  3 jellies
  3 orc priests
  2 orc wizards
  2 hell rats
  A river rat (D:9)
  A steam dragon zombie (D:9)
  4 adders
  A white imp (D:6)
  An ufetubus (D:6)
  15 orcs
  A bat (D:2)
  5 endoplasms
  3 hobgoblins
  A jackal (D:3)
  A kobold (D:7)
  2 quokkas
  3 ball pythons
  A frilled lizard (D:1)
  A kobold zombie (D:9)
  2 rats (D:2)
197 creatures vanquished.

Vanquished Creatures (collateral kills)
  Gastronok (Lair:2)
  Frances (D:12)
  Harold (D:11)
  2 hydras (Lair:5)
  A catoblepas (Lair:5)
  A centaur warrior (D:13)
  A two-headed ogre (D:11)
  3 boulder beetles
  7 death yaks
  A spectral catoblepas (Lair:4)
  2 lindwurms
  3 orc knights
  Pikel (D:9)
  2 cyclopes
  2 manticores
  4 black mambas
  2 elephants (Lair:5)
  2 torpor snails (Lair:5)
  6 cane toads
  2 kobold blastminers
  A kobold demonologist (D:11)
  4 komodo dragons
  A polar bear (Lair:5)
  5 hornets (Lair:5)
  2 tyrant leeches (Lair:5)
  Grinder (D:5)
  3 trolls
  8 blink frogs
  3 dream sheep (Lair:5)
  A glass eye (Lair:5)
  2 slime creatures (D:12)
  A spectral black mamba (Lair:4)
  A wraith (D:12)
  A vampire (D:11)
  2 wyverns
  A warg (Orc:1)
  16 yaks
  3 redbacks (Lair:2)
  4 vampire mosquitoes (D:11)
  A basilisk (Lair:4)
  4 acid dragons
  7 water moccasins
  An ice beast (D:6)
  22 orc warriors
  A spectral torpor snail (Lair:4)
  10 centaurs
  3 ogres
  A phantom (D:7)
  4 lemures (D:9)
  2 kobold brigands
  2 scorpions
  4 bullfrogs
  A cane toad simulacrum (Lair:4)
  3 wights (D:9)
  9 killer bees
  An electric eel (Lair:1)
  A torpor snail simulacrum (Lair:4)
  A fire crab simulacrum (Lair:4)
  A bullfrog zombie (Lair:4)
  2 jellies
  7 orc priests
  2 iguanas
  6 orc wizards
  A sleepcap (D:8)
  8 hell rats
  An acid dragon zombie (D:11)
  A hell rat zombie (Lair:4)
  4 gnolls (D:6)
  A river rat (D:9)
  6 adders
  3 orc zombies
  3 ufetubi (D:6)
  A dart slug (D:1)
  A ribbon worm (D:2)
  47 orcs
  3 bats (D:1)
  5 endoplasms
  3 giant cockroaches
  4 goblins
  3 hobgoblins
  12 jackals
  13 kobolds
  6 quokkas
  3 ball pythons
  A kobold zombie (D:9)
  2 rats
333 creatures vanquished.

Vanquished Creatures (others)
  A spectral ice dragon (D:10)
  A redback zombie (Lair:2)
  A boulder beetle zombie (D:11)
  A slime creature zombie (D:12)
  3 cane toad zombies
  A hornet zombie (Lair:5)
  5 blink frog zombies
  A lindwurm zombie (Lair:5)
  A rime drake zombie (Lair:1)
  2 water moccasin zombies (Lair:5)
  2 wyvern zombies
  2 human zombies
  A polar bear zombie (Lair:5)
  4 yak zombies
  3 troll zombies
  5 centaur zombies
  6 bullfrog zombies
  4 kobold zombies
  A scorpion zombie (D:5)
  3 killer bee zombies
  A vine stalker zombie (D:9)
  An ogre zombie (Orc:1)
  2 hell rat zombies
  A howler monkey zombie (D:11)
  2 adder zombies (D:5)
  A river rat zombie (D:9)
  45 orc zombies
  A quokka zombie (D:9)
  A rat zombie (D:9)
  A spectral ufetubus (D:6)
  17 blazeheart cores
121 creatures vanquished.

Grand Total: 651 creatures vanquished

Notes
Turn   | Place    | Note
-------+----------+-------------------------------------------
     0 | D:1      | Colgate the Gnoll Summoner began the quest for the Orb.
     0 | D:1      | Reached XP level 1. HP: 13/13 MP: 6/6
   212 | D:1      | Reached XP level 2. HP: 19/19 MP: 4/7
   606 | D:1      | Learned a level 2 spell: Call Imp
   647 | D:1      | Reached skill level 5 in Spellcasting
   647 | D:1      | Reached XP level 3. HP: 25/25 MP: 5/9
   656 | D:1      | Learned a level 3 spell: Call Canine Familiar
  1197 | D:2      | Reached skill level 1 in Invocations
  1367 | D:2      | Identified the +7 dagger of Jiwauh Zyxt {heavy, rElec
                  | Int+5}
  1554 | D:2      | Found an ornate altar of the Wu Jian Council.
  1835 | D:2      | Reached skill level 1 in Fighting
  1835 | D:2      | Reached skill level 1 in Short Blades
  1835 | D:2      | Reached skill level 1 in Long Blades
  1835 | D:2      | Reached skill level 1 in Axes
  1835 | D:2      | Reached skill level 1 in Maces & Flails
  1835 | D:2      | Reached skill level 1 in Polearms
  1835 | D:2      | Reached skill level 1 in Staves
  1835 | D:2      | Reached skill level 1 in Ranged Weapons
  1835 | D:2      | Reached skill level 1 in Throwing
  1835 | D:2      | Reached skill level 1 in Armour
  1835 | D:2      | Reached skill level 1 in Shields
  1835 | D:2      | Reached skill level 1 in Unarmed Combat
  1835 | D:2      | Reached skill level 1 in Evocations
  2045 | D:2      | Reached skill level 1 in Shapeshifting
  2045 | D:2      | Reached XP level 4. HP: 32/32 MP: 11/11
  2337 | D:3      | Identified the scarf of Sorcery {rC+ rF+, *Slow Will++
                  | Dex+2 Slay+6}
  2547 | D:3      | Reached skill level 1 in Conjurations
  2547 | D:3      | Reached skill level 1 in Hexes
  2547 | D:3      | Reached skill level 1 in Necromancy
  2547 | D:3      | Reached skill level 1 in Translocations
  2547 | D:3      | Reached skill level 1 in Fire Magic
  2547 | D:3      | Reached skill level 1 in Ice Magic
  2547 | D:3      | Reached skill level 1 in Air Magic
  2547 | D:3      | Reached skill level 1 in Earth Magic
  2547 | D:3      | Reached skill level 1 in Alchemy
  2917 | D:3      | Found a glowing golden altar of the Shining One.
  2966 | D:3      | Found an opulent altar of Gozag.
  3517 | D:3      | Found an opulent altar of Gozag.
  3770 | D:3      | Found a glowing golden altar of the Shining One.
  3885 | D:4      | Noticed a scorpion
  3893 | D:4      | Killed a scorpion
  3894 | D:4      | Reached XP level 5. HP: 37/37 MP: 12/12
  4065 | D:4      | Found a hazy altar of Hepliaklqana.
  4111 | D:4      | Found a staircase to the Ecumenical Temple.
  4133 | Temple   | Entered the Ecumenical Temple
  4179 | Temple   | Became a worshipper of Yredelemnul the Dark
  4360 | D:4      | Found a blossoming altar of Fedhas.
  4384 | D:4      | Reached * piety under Yredelemnul
  4605 | D:4      | Reached skill level 5 in Dodging
  4605 | D:4      | Reached XP level 6. HP: 44/44 MP: 14/14
  4638 | D:4      | Found an iron altar of Okawaru.
  5035 | D:5      | Entered Level 5 of the Dungeon
  5469 | D:5      | Reached XP level 7. HP: 50/50 MP: 8/15
  5916 | D:5      | Reached skill level 5 in Stealth
  6161 | D:5      | Noticed Grinder
  6176 | D:5      | Killed Grinder
  6177 | D:5      | Reached XP level 8. HP: 58/58 MP: 9/16
  7070 | D:6      | Noticed Maggie
  7087 | D:6      | Killed Maggie
  7421 | D:6      | Found a runed translucent gate.
  7424 | D:6      | Noticed paps's ghost (novice GrDe)
  7427 | D:6      | Found a runed translucent gate.
  7427 | D:6      | Found a runed translucent gate.
  7740 | D:7      | Reached XP level 9. HP: 65/65 MP: 18/18
  8068 | D:7      | Reached ** piety under Yredelemnul
  8448 | D:7      | Reached *** piety under Yredelemnul
  8687 | D:7      | Found Muam's Antique Weapon Boutique.
  8987 | D:7      | Bought a faintly glowing morningstar for 234 gold pieces
  8987 | D:7      | Identified the +8 morningstar of Doeneure {protect, Dex+4
                  | Stlth+} (You bought it in a shop on level 7 of the Dungeon)
  9131 | D:7      | Learned a level 4 spell: Summon Blazeheart Golem
  9136 | D:7      | Learned a level 4 spell: Summon Lightning Spire
  9141 | D:7      | Learned a level 4 spell: Dispel Undead
  9145 | D:7      | Learned a level 3 spell: Gell's Gravitas
  9430 | D:8      | Found a stormy altar of Qazlal.
  9657 | D:8      | Reached skill level 5 in Invocations
 10140 | D:8      | Found a stormy altar of Qazlal.
 10697 | D:9      | Identified 3 scrolls of acquirement
 10698 | D:9      | Acquired 618 gold pieces
 10700 | D:9      | Acquired 1009 gold pieces
 10702 | D:9      | Acquired the ring of False Pretenses {rC+ Dex+3 SInv
                  | Stlth+}
 11056 | D:9      | Noticed Psyche
 11064 | D:9      | Killed Psyche
 11264 | D:9      | Found Yffuryol's Antique Armour Boutique.
 11331 | D:9      | Reached skill level 5 in Fighting
 11331 | D:9      | Reached skill level 5 in Short Blades
 11331 | D:9      | Reached skill level 5 in Long Blades
 11331 | D:9      | Reached skill level 5 in Axes
 11331 | D:9      | Reached skill level 5 in Maces & Flails
 11331 | D:9      | Reached skill level 5 in Polearms
 11331 | D:9      | Reached skill level 5 in Staves
 11331 | D:9      | Reached skill level 5 in Ranged Weapons
 11331 | D:9      | Reached skill level 5 in Throwing
 11331 | D:9      | Reached skill level 5 in Armour
 11331 | D:9      | Reached skill level 5 in Shields
 11331 | D:9      | Reached skill level 5 in Unarmed Combat
 11331 | D:9      | Reached skill level 5 in Evocations
 11331 | D:9      | Reached XP level 10. HP: 46/74 MP: 12/20
 11576 | D:9      | Noticed Maurice
 11613 | D:9      | Found a radiant altar of Vehumet.
 11616 | D:9      | Killed Maurice
 11731 | D:9      | Noticed a death yak
 11766 | D:9      | Found a snail-covered altar of Cheibriados.
 11900 | D:9      | Noticed a death yak
 11911 | D:9      | Killed a death yak
 11912 | D:9      | Reached skill level 5 in Shapeshifting
 11913 | D:9      | Noticed a death yak
 11920 | D:9      | Your ally Maurice died
 11932 | D:9      | Your ally Psyche died
 12149 | D:9      | Found a staircase to the Lair.
 12167 | D:9      | Noticed Pikel
 12176 | D:9      | Killed Pikel
 12322 | D:9      | Your ally Pikel died
 12333 | D:9      | Killed a death yak
 12347 | D:9      | Killed a death yak
 12884 | D:9      | Bought a spiked scale mail for 198 gold pieces
 12884 | D:9      | Identified the +6 scale mail "Darohuit" {rN+ Str+4} (You
                  | bought it in a shop on level 9 of the Dungeon)
 12884 | D:9      | Bought a warped ring mail for 198 gold pieces
 12884 | D:9      | Identified the +3 ring mail of Winter {Int+3} (You bought
                  | it in a shop on level 9 of the Dungeon)
 13038 | D:7      | Bought a glowing halberd for 182 gold pieces
 13154 | D:10     | Entered Level 10 of the Dungeon
 13220 | D:10     | Reached skill level 5 in Conjurations
 13220 | D:10     | Reached skill level 5 in Hexes
 13220 | D:10     | Reached skill level 5 in Necromancy
 13220 | D:10     | Reached skill level 5 in Translocations
 13220 | D:10     | Reached skill level 5 in Fire Magic
 13220 | D:10     | Reached skill level 5 in Ice Magic
 13220 | D:10     | Reached skill level 5 in Air Magic
 13220 | D:10     | Reached skill level 5 in Earth Magic
 13220 | D:10     | Reached skill level 5 in Alchemy
 13241 | D:10     | Reached XP level 11. HP: 81/81 MP: 14/22
 13561 | D:10     | Found a staircase to the Orcish Mines.
 13822 | D:10     | Found a transporter.
 13826 | D:10     | Found a transporter.
 13835 | D:10     | Found a transporter.
 13837 | D:10     | Found a transporter.
 13852 | D:10     | Found a transporter.
 13855 | D:10     | Found a transporter.
 14108 | D:10     | Acquired a book of Armaments
 14115 | D:10     | Learned a level 4 spell: Animate Armour
 15150 | D:11     | Noticed Harold
 15167 | D:11     | Killed Harold
 15413 | D:11     | Your ally Harold died
 15608 | D:11     | Gained mutation: Your magical capacity is low. (-10% MP) [a
                  | neqoxec]
 15615 | D:11     | Lost mutation: Your magical capacity is low. (-10% MP)
                  | [potion of mutation]
 15615 | D:11     | Gained mutation: Your mind is acute. (Int +4, Str/Dex -1)
                  | [potion of mutation]
 15615 | D:11     | Gained mutation: You are frail. (-10% HP) [potion of
                  | mutation]
 15655 | D:11     | Noticed a boulder beetle
 15666 | D:11     | Killed a boulder beetle
 15749 | D:11     | Noticed a boulder beetle
 16116 | D:11     | Noticed a boulder beetle
 16126 | D:11     | Killed a boulder beetle
 16190 | D:11     | Noticed a cyclops
 16235 | D:11     | Killed a cyclops
 16307 | D:11     | Noticed a sixfirhy
 16573 | D:11     | Noticed a manticore
 16582 | D:11     | Killed a manticore
 16781 | D:11     | Noticed a two-headed ogre
 16787 | D:11     | Killed a two-headed ogre
 16788 | D:11     | Reached XP level 12. HP: 81/81 MP: 12/24
 16815 | D:11     | Killed a boulder beetle
 17080 | D:11     | Noticed a two-headed ogre
 17096 | D:11     | Killed a two-headed ogre
 17865 | D:11     | Lost mutation: You are frail. (-10% HP) [potion of
                  | mutation]
 17865 | D:11     | Lost mutation: Your mind is acute. (Int +4, Str/Dex -1)
                  | [potion of mutation]
 17865 | D:11     | Gained mutation: You are frail. (-10% HP) [potion of
                  | mutation]
 17865 | D:11     | Gained mutation: You have a pair of small horns on your
                  | head. [potion of mutation]
 17866 | D:11     | Lost mutation: You are frail. (-10% HP) [potion of
                  | mutation]
 17866 | D:11     | Lost mutation: You have a pair of small horns on your head.
                  | [potion of mutation]
 17866 | D:11     | Gained mutation: You have an increased reservoir of magic.
                  | (+10% MP) [potion of mutation]
 17866 | D:11     | Gained mutation: You occasionally lose the ability to drink
                  | potions when taking damage. [potion of mutation]
 17866 | D:11     | Gained mutation: You are clumsy. (Dex -2) [potion of
                  | mutation]
 17866 | D:11     | Gained mutation: You have a somewhat thin skeletal
                  | structure. (Dex +2, Stealth+) [potion of mutation]
 17867 | D:11     | Lost mutation: You have a somewhat thin skeletal structure.
                  | (Dex +2, Stealth+) [potion of mutation]
 17867 | D:11     | Lost mutation: You are clumsy. (Dex -2) [potion of
                  | mutation]
 17867 | D:11     | Gained mutation: You are agile. (Dex +4, Str/Int -1)
                  | [potion of mutation]
 17867 | D:11     | Gained mutation: Your movements are slightly less
                  | encumbered by armour. (ER -2) [potion of mutation]
 17969 | D:12     | Noticed a centaur warrior
 17973 | D:12     | HP: 3/91 [acid dragon/splash of acid (23)]
 18332 | D:12     | Killed a centaur warrior
 18798 | D:6      | Killed paps's ghost
 19118 | D:12     | Found the +5 Force Lance {heavy, knockback}
 19407 | D:12     | Identified the +9 short sword of Beogh's Benevolence
                  | {antimagic, rF+++ Int+3 SInv}
 19414 | D:12     | Lost mutation: Your movements are slightly less encumbered
                  | by armour. (ER -2) [potion of mutation]
 19414 | D:12     | Lost mutation: You have an increased reservoir of magic.
                  | (+10% MP) [potion of mutation]
 19414 | D:12     | Gained mutation: Your spells are a little easier to cast,
                  | but a little less powerful. [potion of mutation]
 19414 | D:12     | Gained mutation: Your mind is acute. (Int +4, Str/Dex -1)
                  | [potion of mutation]
 19418 | D:12     | Noticed Frances
 19432 | D:12     | Killed Frances
 19843 | Lair:1   | Entered Level 1 of the Lair of Beasts
 20054 | Lair:1   | Identified the +5 falchion of the Silent Majority {freeze,
                  | rElec rN+ Will+ Int-4}
 20469 | Lair:1   | Reached XP level 13. HP: 76/98 MP: 22/26
 20550 | Lair:1   | Reached **** piety under Yredelemnul
 20683 | Lair:1   | Lost mutation: You occasionally lose the ability to drink
                  | potions when taking damage. [potion of mutation]
 20683 | Lair:1   | Lost mutation: You are agile. (Dex +4, Str/Int -1) [potion
                  | of mutation]
 20683 | Lair:1   | Gained mutation: You are vulnerable to heat. (rF-) [potion
                  | of mutation]
 21035 | Lair:1   | Reached ***** piety under Yredelemnul
 21340 | Lair:2   | Reached skill level 10 in Summonings
 21460 | Lair:2   | Found a hole to the Spider Nest.
 21644 | Lair:2   | Noticed Gastronok
 21650 | Lair:2   | Found a staircase to the Shoals.
 21658 | Lair:2   | Killed Gastronok
 21845 | Lair:2   | Identified the orb "Ruamopt" {mayhem, rF+}
 21942 | Lair:3   | Learned a level 2 spell: Blink
 21977 | Lair:3   | Reached skill level 10 in Spellcasting
 22287 | Lair:3   | You fall into a shaft and drop 2 floors!
 22287 | Lair:5   | Entered Level 5 of the Lair of Beasts
 22287 | Lair:5   | Noticed capka3m's ghost (journeyman TrSh)
 22287 | Lair:5   | Found a runed translucent door.
 22642 | Lair:5   | Reached skill level 10 in Dodging
 22923 | Lair:5   | Paralysed by a hornet for 3 turns
 22926 | Lair:5   | HP: 5/100 [lindwurm/blast of flame (37)]
 23152 | Lair:5   | Reached skill level 10 in Stealth
 23297 | Lair:5   | Noticed an ice dragon
 23651 | Lair:5   | Killed an ice dragon
 23651 | Lair:5   | Charmed an ice dragon
 24018 | Lair:5   | Found a staircase to the Slime Pits.
 24141 | Lair:5   | Found a viscous altar of Jiyva.
 24200 | Lair:5   | Reached skill level 10 in Invocations
 24200 | Lair:5   | Reached XP level 14. HP: 96/108 MP: 19/28
 24704 | Lair:5   | Reached ****** piety under Yredelemnul
 25426 | Lair:5   | Killed capka3m's ghost
 26147 | Lair:5   | Found a staircase to the Slime Pits.
 26152 | Lair:5   | Found a viscous altar of Jiyva.
 27402 | Lair:4   | Found a runed translucent gate.
 27402 | Lair:4   | Found a runed translucent gate.
 27402 | Lair:4   | Found a runed translucent gate.
 27403 | Lair:4   | Noticed Rankomyk's ghost (journeyman VSEn)
 28105 | Lair:4   | Killed Rankomyk's ghost
 28913 | Orc:1    | Entered Level 1 of the Orcish Mines
 29184 | Orc:2    | Entered Level 2 of the Orcish Mines
 29563 | Orc:2    | Reached skill level 10 in Fighting
 29563 | Orc:2    | Reached skill level 10 in Short Blades
 29563 | Orc:2    | Reached skill level 10 in Long Blades
 29563 | Orc:2    | Reached skill level 10 in Axes
 29563 | Orc:2    | Reached skill level 10 in Maces & Flails
 29563 | Orc:2    | Reached skill level 10 in Polearms
 29563 | Orc:2    | Reached skill level 10 in Staves
 29563 | Orc:2    | Reached skill level 10 in Ranged Weapons
 29563 | Orc:2    | Reached skill level 10 in Throwing
 29563 | Orc:2    | Reached skill level 10 in Armour
 29563 | Orc:2    | Reached skill level 10 in Shields
 29563 | Orc:2    | Reached skill level 10 in Unarmed Combat
 29563 | Orc:2    | Reached skill level 10 in Evocations
 29671 | Orc:2    | Reached XP level 15. HP: 75/115 MP: 16/30
 29880 | Orc:2    | Found a staircase to the Elven Halls.
 30624 | Orc:2    | Found Nigefuvuyd's Distillery.
 30624 | Orc:2    | Found Hued's Assorted Antiques.
 30626 | Orc:2    | Found Ceocze's Assorted Antiques.
 30628 | Orc:2    | Found Hyoma's Antique Weapon Boutique.
 31196 | Orc:2    | Bought a jewelled quarterstaff for 216 gold pieces
 31196 | Orc:2    | Identified the +5 quarterstaff of World's End {holy, Will+
                  | Str-2 Int+2} (You bought it in a shop on level 2 of the
                  | Orcish Mines)
 31201 | Orc:2    | Bought a runed helmet for 180 gold pieces
 31214 | Orc:2    | Bought a pair of embroidered gloves for 255 gold pieces
 31219 | Orc:2    | Bought a condenser vane for 960 gold pieces
 31222 | Orc:2    | Bought a potion of degeneration for 12 gold pieces
 31226 | Orc:2    | Bought a murky coppery potion for 30 gold pieces
 31229 | Orc:2    | Bought a potion of lignification for 36 gold pieces
 31229 | Orc:2    | Bought a potion of enlightenment for 60 gold pieces
 31229 | Orc:2    | Bought a potion of might for 48 gold pieces
 31234 | Orc:2    | Bought a scroll of identify for 48 gold pieces
 31237 | Orc:2    | Bought a scroll of identify for 68 gold pieces
 31238 | Orc:2    | Bought a scroll of enchant armour for 255 gold pieces
 31389 | Orc:2    | Bought a glass ring for 170 gold pieces
 31389 | Orc:2    | Bought a sapphire ring for 170 gold pieces
 31904 | D:13     | Found Pifin's Assorted Antiques.
 32124 | D:13     | Lost mutation: You are vulnerable to heat. (rF-) [potion of
                  | mutation]
 32124 | D:13     | Lost mutation: Your mind is acute. (Int +4, Str/Dex -1)
                  | [potion of mutation]
 32124 | D:13     | Lost mutation: Your spells are a little easier to cast, but
                  | a little less powerful. [potion of mutation]
 32124 | D:13     | Gained mutation: Your muscles are strong. (Str +4, Int/Dex
                  | -1) [potion of mutation]
 32124 | D:13     | Gained mutation: Your body sometimes deteriorates upon
                  | taking damage. [potion of mutation]
 32124 | D:13     | Gained mutation: Your mind is acute. (Int +4, Str/Dex -1)
                  | [potion of mutation]
 32495 | D:13     | Bought a scroll labelled WESKOR MOATUO for 34 gold pieces
 32495 | D:13     | Bought a scroll labelled WESKOR MOATUO for 34 gold pieces
 32495 | D:13     | Bought a small tourmaline ring for 170 gold pieces
 32748 | D:14     | Found the +0 mask of the Dragon {Will+ Slay+3 SInv}
 32771 | D:14     | Noticed Jorgrun
 32783 | D:14     | HP: 2/115 [Jorgrun/blast of rock fragments (12)]
 32787 | D:14     | Constricted to death by Jorgrun

Illustrated notes

Levels and vault maps discovered:
D:1:      tarquinn_simple_flora_water_f, layout_loops_cross,
          chequers_decorated_corner, due_unseen_surprise
D:2:      layout_loops_corners, basic_altar
D:3:      layout_loops_ring, lemuel_coloured_pillars_altar, lemuel_tele_altar,
          mrwooster_statue_mirror, feat_on_display
D:4:      layout_loops_ring, nicolae_hepliaklqana_hazy_memory, okawaru_trees_1,
          fedhas_ov_isle_minmay, temple_statues, hangedman_feature_mirror
D:5:      layout_gridville, uniq_grinder
D:6:      layout_basic, ebering_ghost_rock_garden, uniq_maggie
D:7:      layout_basic, serial_shops, nicolae_inconvenience_store
D:8:      layout_loops_ring, old_standard_altar, billiards_dpeg
D:9:      layout_basic, mainiacjoe_overflow_catch_the_wave, dpeg_lair_monsters,
          serial_shops, shop, roderic_lattice_a, uniq_maurice, uniq_pikel,
          uniq_psyche
D:10:     layout_gridville, hiddenorc1_lemuel, serial_nicolae_subway,
          nicolae_sub_station_metal, nicolae_sub_station_crystal,
          nicolae_sub_station_stone
D:11:     layout_layer_cave, dk_noncrumbling_4, minmay_alternating_orb,
          uniq_harold
D:12:     layout_big_octagon, uniq_frances
D:13:     layout_irregular_city, kennysheep_windowed_goal
D:14:     layout_loops_ring, erik_vaults_1, nicolae_qazlal_style_of_elements,
          uniq_jorgrun
Temple:   nicolae_temple_bog_church
Lair:1:   layout_gridlike
Lair:2:   layout_chaotic_city, shoals_dummy_entry, spider_nest_entry_webs,
          uniq_gastronok
Lair:3:   layout_misc_corridors
Lair:4:   layout_regular_city, gammafunk_ghost_necromancy, grunt_megastairs_1,
          serial_bayou_shore_a
Lair:5:   hangedman_lair_in_review, layout_layer_cave, wormcave,
          minmay_slime_entry_eyes, gammafunk_ghost_grave
Orc:1:    layout_caves
Orc:2:    st_orc_rangers, layout_caves, basic_altar,
          regret_index_minedec_guest_junction

Skill      XL: |  1  2  3  4  5  6  7  8  9 10 11 12 13 14 15 |
---------------+----------------------------------------------+-----
Spellcasting   | 5 6 7 8 9 10 11 | 11.4
Invocations    | 1 2 3 4 5 6 7 8 10 11 | 11.1
Fighting       | 1 2 3 5 6 7 8 9 10 | 10.2
Short Blades   | 1 2 3 5 6 7 8 9 10 | 10.2
Long Blades    | 1 2 3 5 6 7 8 9 10 | 10.2
Axes           | 1 2 3 5 6 7 8 9 10 | 10.2
Maces & Flails | 1 2 3 5 6 7 8 9 10 | 10.2
Polearms       | 1 2 3 5 6 7 8 9 10 | 10.2
Staves         | 1 2 3 5 6 7 8 9 10 | 10.2
Ranged Weapons | 1 2 3 5 6 7 8 9 10 | 10.2
Throwing       | 1 2 3 5 6 7 8 9 10 | 10.2
Armour         | 1 2 3 5 6 7 8 9 10 | 10.2
Shields        | 1 2 3 5 6 7 8 9 10 | 10.2
Unarmed Combat | 1 2 3 5 6 7 8 9 10 | 10.2
Evocations     | 1 2 3 5 6 7 8 9 10 | 10.2
Shapeshifting  | 1 2 3 4 5 6 7 8 9 |  9.4
Conjurations   | 1 2 3 4 5 6 7 8 |  8.6
Hexes          | 1 2 3 4 5 6 7 8 |  8.6
Necromancy     | 1 2 3 4 5 6 7 8 |  8.6
Translocations | 1 2 3 4 5 6 7 8 |  8.6
Fire Magic     | 1 2 3 4 5 6 7 8 |  8.6
Ice Magic      | 1 2 3 4 5 6 7 8 |  8.6
Air Magic      | 1 2 3 4 5 6 7 8 |  8.6
Earth Magic    | 1 2 3 4 5 6 7 8 |  8.6
Alchemy        | 1 2 3 4 5 6 7 8 |  8.6
Dodging        | 5 6 7 8 9 10 11 | 11.2
Stealth        | 5 6 7 8 9 10 11 | 11.1
Summonings     | 8 9 10 11 | 11.1

Action                     |  1- 3 |  4- 6 |  7- 9 | 10-12 | 13-15 || total
---------------------------+-------+-------+-------+-------+-------++-------
  Melee: Whip              |    22 |       |       |       |       ||    22
         Bite              |     3 |     2 |     3 |     7 |    16 ||    31
         Dagger            |     4 |    18 |    30 |    43 |    43 ||   138
         Spear             |       |     7 |    43 |    28 |       ||    78
         Punch             |       |       |     1 |     7 |     9 ||    17
         Halberd           |       |       |       |    75 |       ||    75
         Lance             |       |       |       |    18 |   209 ||   227
   Cast: Summon Small Mamm |    31 |    21 |    48 |     9 |     1 ||   110
         Call Imp          |     4 |    14 |    23 |    11 |       ||    52
         Call Canine Famil |     7 |    15 |    41 |    34 |    37 ||   134
         Summon Lightning  |       |       |     5 |    47 |    63 ||   115
         Summon Blazeheart |       |       |     4 |    26 |     8 ||    38
         Gell's Gravitas   |       |       |     1 |     1 |    10 ||    12
         Animate Armour    |       |       |       |    23 |    41 ||    64
         Dispel Undead     |       |       |       |    13 |     6 ||    19
         Blink             |       |       |       |       |     5 ||     5
 Invoke: Dark Bargain      |       |       |       |     6 |     8 ||    14
         Recall Undead Har |       |       |       |       |    11 ||    11
         Drain Life        |       |       |       |       |     2 ||     2
         Bind Soul         |       |       |       |       |     2 ||     2
  Evoke: Wand              |       |       |       |     6 |     2 ||     8
         Lightning rod     |       |       |       |       |     4 ||     4
    Use: Scroll            |       |     2 |    13 |     9 |     7 ||    31
         Potion            |       |       |       |     5 |     4 ||     9
   Stab: Sleeping          |     5 |    10 |    13 |     8 |    19 ||    55
         Distracted        |       |       |     6 |    10 |     9 ||    25
 Armour: Robe              |    14 |    29 |    18 |     3 |       ||    64
         Swamp dragon scal |       |       |     6 |    97 |   171 ||   274
         Ring mail         |       |       |       |    13 |       ||    13
  Dodge: Dodged            |    31 |    39 |    28 |   108 |   166 ||   372

Table legend: (Time is in decaauts)
 A = Elapsed time spent in this place.
 B = Non-inter-level travel time spent in this place.
 C = Inter-level travel time spent in this place.
 D = Time resting spent in this place.
 E = Time spent auto-exploring this place.
 F = Levels seen in this place.
 G = Mean time per level.
                   A        B        C        D        E       F      G
               +--------+--------+--------+--------+--------+-----+--------+
         Total |  32720 |  30046 |   2674 |   2490 |  22938 |  22 | 1487.3 |
       Dungeon |  21321 |  19125 |   2196 |   1606 |  14547 |  14 | 1522.9 |
        Temple |     59 |      8 |     51 |      0 |      0 |   1 |   59.0 |
          Lair |   9000 |   8848 |    152 |    845 |   6897 |   5 | 1800.0 |
  Orcish Mines |   2338 |   2065 |    273 |     39 |   1493 |   2 | 1169.0 |
               +--------+--------+--------+--------+--------+-----+--------+

Top non-repeatable levels by time:
  Lair:5: 4406 daAuts
    D:11: 3468 daAuts
     D:9: 2398 daAuts
    D:10: 2295 daAuts
     D:7: 1765 daAuts
     D:8: 1679 daAuts
     D:3: 1662 daAuts
   Orc:2: 1584 daAuts
  Lair:4: 1491 daAuts
     D:5: 1483 daAuts
     D:6: 1337 daAuts
     D:2: 1296 daAuts
  Lair:1: 1251 daAuts
    D:13: 1188 daAuts
     D:4: 1059 daAuts
